 Dungeon Crawl Stone Soup version 0.24-a0-535-gbb0d440638 (webtiles) character file.

Game seed: 4518337180390377477

365954 Napalmbreeze the Slayer (level 22, -4/228 HPs)
             Began as a Hill Orc Fighter on Aug 10, 2019.
             Was the Champion of Beogh.
             Slain by a tentacled monstrosity (6 damage)
             ... on level 5 of the Vaults.
             The game lasted 02:47:55 (44819 turns).

Napalmbreeze the Slayer (Hill Orc Fighter)         Turns: 44819, Time: 02:47:56

Health: -4/228     AC: 39    Str: 29    XL:     22   Next: 55%
Magic:  9/11       EV:  4    Int:  5    God:    Beogh [******]
Gold:   2026       SH: 25    Dex: 19    Spells: 21/21 levels left

rFire    + . .     SeeInvis +   y - +11 war axe "Yrgheime" {antimagic, -Tele MR++}
rCold    + . .     Gourm    .   N - +5 shield "Iqaweo" {Int-3 Dex+7 SInv}
rNeg     + . .     Faith    .   p - +2 crystal plate armour {rC+}
rPois    +         Spirit   .   S - +0 helmet of the Shining One {+Fly rF+ rN+ Dex+2}
rElec    .         Reflect  +   H - +0 cloak {rPois}
rCorr    .         Harm     .   W - +2 pair of gloves {archery}
MR       +++..     NoTele   +   a - +1 pair of boots {run}
Stlth    ..........             V - +5 amulet of reflection
HPRegen  0.48/turn              Q - +2 ring of protection
MPRegen  0.12/turn              m - +4 ring of slaying

@: constricted, studying Fighting, quick
A: walk on water
}: 2/15 runes: serpentine, barnacled
a: Smiting, Recall Orcish Followers, Give Item to Named Follower, Resurrection,
Renounce Religion, Evoke Flight


You were on level 5 of the Vaults.
You worshipped Beogh.
Beogh was exalted by your worship.
You were not hungry.

You visited 7 branches of the dungeon, and saw 39 of its levels.
You also visited: Sewer, Gauntlet, Ice Cave and Volcano.

You collected 4718 gold pieces.
You spent 2692 gold pieces at shops.

Inventory:

Hand Weapons
 y - the +11 war axe "Yrgheime" (weapon) {antimagic, -Tele MR++}
   (You bought it in a shop on level 2 of the Orcish Mines)

   It reduces the magical energy of the wielder, and disrupts the spells and
   magical abilities of those hit.
   Natural abilities and divine invocations are not affected.
   It affects your resistance to hostile enchantments.
   It prevents most forms of teleportation.
Armour
 a - a +1 pair of boots of running (worn)
 p - a +2 crystal plate armour of cold resistance (worn)
 H - a +0 cloak of poison resistance (worn)
 N - the +5 shield "Iqaweo" (worn) {Int-3 Dex+7 SInv}
   (You took it off a gnoll sergeant on level 6 of the Dungeon)

   It affects your intelligence (-3).
   It affects your dexterity (+7).
   It lets you see invisible.
 S - the +0 helmet of the Shining One (worn) {+Fly rF+ rN+ Dex+2}
   (You found it on level 11 of the Dungeon)

   It affects your dexterity (+2).
   It protects you from fire.
   It protects you from negative energy.
   It lets you fly.
 W - a +2 pair of gloves of archery (worn)
 X - the +9 scale mail "Zyubewou" {+Inv rC+ MR++ Dex-2}
   (You took it off a merfolk javelineer on level 4 of the Shoals)

   It affects your dexterity (-2).
   It protects you from cold.
   It affects your resistance to hostile enchantments.
   It lets you turn invisible.
Jewellery
 m - a +4 ring of slaying (right hand)
 w - an uncursed ring of resist corrosion
 E - an uncursed ring of protection from magic
 O - an uncursed ring of positive energy
 P - an uncursed ring of protection from cold
 Q - a +2 ring of protection (left hand)
 V - a +5 amulet of reflection (around neck)
Wands
 b - a wand of acid (27)
 r - a wand of iceblast (34)
 t - a wand of clouds (11)
 R - a wand of digging (9)
Scrolls
 c - a scroll of identify
 e - 3 scrolls of fear
 h - 18 scrolls of remove curse
 n - 6 scrolls of magic mapping
 o - 16 scrolls of teleportation
 u - 7 scrolls of fog
 z - a scroll of summoning
 D - 5 scrolls of blinking
 J - 2 scrolls of silence
 U - a scroll of holy word
Potions
 d - 2 potions of might
 j - a potion of invisibility
 l - 2 potions of magic
 s - 9 potions of berserk rage
 x - 19 potions of curing
 F - 2 potions of agility
 I - 2 potions of cancellation
 K - 10 potions of haste
 M - a potion of brilliance
 T - 4 potions of resistance
Books
 k - a manual of Fighting
Comestibles
 f - 66 rations


   Skills:
 + Level 25.8 Fighting
 - Level 20.6 Axes
 - Level 18.1 Armour
 - Level 15.0 Shields
 - Level 18.2 Invocations
 - Level 8.0 Evocations


You had 21 spell levels left.
You didn't know any spells.
Your spell library contained the following spells:

 Spells                   Type           Power        Failure   Level  Hunger
 Animate Skeleton         Necr           N/A          100%        1    ##.....
 Apportation              Tloc           #.....       100%        1    ##.....
 Confusing Touch          Hex            #.....       100%        1    ##.....
 Corona                   Hex            #......      100%        1    ##.....
 Flame Tongue             Conj/Fire      #....        100%        1    ##.....
 Freeze                   Ice            #...         100%        1    ##.....
 Infusion                 Chrm           #...         100%        1    ##.....
 Magic Dart               Conj           #...         100%        1    ##.....
 Pain                     Necr           #...         100%        1    ##.....
 Sandblast                Erth           #.....       100%        1    ##.....
 Shock                    Conj/Air       #...         100%        1    ##.....
 Sting                    Conj/Pois      #...         100%        1    ##.....
 Summon Small Mammal      Summ           #...         100%        1    ##.....
 Call Imp                 Summ           #.......     100%        2    ###....
 Corpse Rot               Necr           N/A          100%        2    ###....
 Ensorcelled Hibernation  Hex/Ice        #.....       100%        2    ###....
 Poisonous Vapours        Pois/Air       #.....       100%        2    ###....
 Searing Ray              Conj           #.....       100%        2    ###....
 Shroud of Golubria       Chrm/Tloc      #.....       100%        2    ###....
 Song of Slaying          Chrm           #.......     100%        2    ###....
 Sublimation of Blood     Necr           #.........   100%        2    ###....
 Swiftness                Chrm/Air       #.......     100%        2    ###....
 Throw Frost              Conj/Ice       #.....       100%        2    ###....
 Call Canine Familiar     Summ           #.......     100%        3    ####...
 Confuse                  Hex            #.......     100%        3    ####...
 Dazzling Spray           Conj/Hex       #.....       100%        3    ####...
 Gell's Gravitas          Tloc           #.........   100%        3    ####...
 Mephitic Cloud           Conj/Pois/Air  #.......     100%        3    ####...
 Ozocubu's Armour         Chrm/Ice       #.......     100%        3    ####...
 Recall                   Summ/Tloc      N/A          100%        3    ####...
 Regeneration             Chrm/Necr      #.........   100%        3    ####...
 Spectral Weapon          Hex/Chrm       #.......     100%        3    ####...
 Static Discharge         Conj/Air       #.......     100%        3    ####...
 Summon Guardian Golem    Hex/Summ       #.......     100%        3    ####...
 Tukima's Dance           Hex            #.......     100%        3    ####...
 Airstrike                Air            #.........   100%        4    #####..
 Animate Dead             Necr           N/A          100%        4    #####..
 Cause Fear               Hex            #.........   100%        4    #####..
 Force Lance              Conj/Tloc      #.......     100%        4    #####..
 Fulminant Prism          Conj/Hex       #.........   100%        4    #####..
 Iskenderun's Mystic Bla  Conj           #.......     100%        4    #####..
 Leda's Liquefaction      Hex/Erth       #.........   100%        4    #####..
 Olgreb's Toxic Radiance  Pois           #.......     100%        4    #####..
 Petrify                  Tmut/Erth      #.......     100%        4    #####..
 Summon Ice Beast         Ice/Summ       #.......     100%        4    #####..
 Summon Lightning Spire   Summ/Air       #.......     100%        4    #####..
 Throw Icicle             Conj/Ice       #.......     100%        4    #####..
 Agony                    Necr           #.......     100%        5    ######.
 Bolt of Draining         Conj/Necr      #.........   100%        5    ######.
 Bolt of Magma            Conj/Fire/Erth #.........   100%        5    ######.
 Borgnjor's Vile Clutch   Necr/Erth      #.........   100%        5    ######.
 Dispel Undead            Necr           #.......     100%        5    ######.
 Excruciating Wounds      Chrm/Necr      #.........   100%        5    ######.
 Irradiate                Conj/Tmut      #.........   100%        5    ######.
 Lightning Bolt           Conj/Air       #.........   100%        5    ######.
 Metabolic Englaciation   Hex/Ice        #.........   100%        5    ######.
 Silence                  Hex/Air        #.........   100%        5    ######.
 Summon Mana Viper        Hex/Summ       #.......     100%        5    ######.
 Venom Bolt               Conj/Pois      #.........   100%        5    ######.
 Yara's Violent Unravell  Hex/Tmut       #.........   100%        5    ######.
 Bolt of Fire             Conj/Fire      #.........   100%        6    #######
 Death Channel            Necr           #.........   100%        6    #######
 Deflect Missiles         Chrm/Air       #.........   100%        6    #######
 Hydra Form               Tmut           #.........   100%        6    #######
 Iron Shot                Conj/Erth      #.........   100%        6    #######
 Simulacrum               Ice/Necr       #.........   100%        6    #######
 Statue Form              Tmut/Erth      #........    100%        6    #######
 Dragon Form              Tmut           #.........   100%        7    #######
 Malign Gateway           Summ/Tloc      #.........   100%        7    #######
 Discord                  Hex            #.........   100%        8    #######
 Disjunction              Tloc           #.........   100%        8    #######
 Dragon's Call            Summ           #.........   100%        9    #######
 Shatter                  Erth           #.........   100%        9    #######


Dungeon Overview and Level Annotations

Branches:
Dungeon (15/15)            Temple (0/1) D:6            Lair (6/6) D:9
 Shoals (4/4) Lair:2        Snake (4/4) Lair:3        Slime (0/5) Lair:5
    Orc (2/2) D:12            Elf (3/3) Orc:2        Vaults (5/5) D:14
  Crypt (0/3) Vaults:3     Depths (0/5) D:15

Altars:
Cheibriados
Elyvilon
Fedhas
Gozag
Hepliaklqana
Okawaru
Qazlal
Ru
Sif Muna
Uskayaw
Wu Jian
Zin
The Shining One
Beogh

Shops:
D:5 *   D:9 }   Orc:1 %   Orc:2 [*(!=*[[%=   Elf:1 =   Shoals:3 [   Snake:3 }=}
Vaults:1 [(}!

Portals:
Trove: D:11 (give +2 gold dragon scales)


Message History

As you read the scroll of fear, it crumbles to dust.
You assume a fearsome visage.
The storm dragon looks frightened!
The harpy looks frightened!
The tentacled monstrosity is unaffected.
The cyan very ugly thing looks frightened!
The vault guard looks frightened! x4; The vault guard easily resists.
The vault guard looks frightened! x12; The vault guard easily resists.
The mana viper looks frightened!
The vault guard looks frightened! x2
The vault warden looks frightened!
The yaktaur captain looks frightened!
The deep elf high priest looks frightened!
The ironheart preserver looks frightened!
The ogre mage resists with some effort.
The ogre looks frightened!
The troll looks frightened!
The war gargoyle is unaffected.
The ogre mage easily resists.
The two-headed ogre looks frightened!
The ogre looks frightened!
The two-headed ogre looks frightened!
The ironbrand convoker looks frightened!
The mana viper changes into a redback!
The tentacled monstrosity tentacle-slaps you but does no damage.
You block the tentacled monstrosity's attack. x2
You die...

##. #....#.#.
#..##.....#.#
..H#....#.#.
..........#
#####..pD....#.
.....p9pppp....
.....pXupOO.T..
.....pp@ppp....
.....pppppp....
#####pOppp.e.##
#c.OO....Os
.##....#... .#
#....# ## .#
#....# .#
#....#


You could see a tentacled monstrosity, an ironheart preserver (fleeing), a storm
dragon (fleeing), a cyan very ugly thing (fleeing), a vault warden (fleeing), a
yaktaur captain (fleeing), 20 vault guards, 2 two-headed ogres, 2 ogre magi, a
war gargoyle, a deep elf high priest (fleeing), an ironbrand convoker (fleeing),
a harpy shaped shifter (fleeing), a troll (fleeing), a redback shaped shifter
(fleeing) and 2 ogres.

Vanquished Creatures
  The ghost of Kegugo the Metallomancer, an adept GrEE of Vehumet (Vaults:1)
  3 deep elf master archers (Elf:3)
  3 deep elf blademasters (Elf:3)
  3 krakens (Shoals:3)
  A titan (Vaults:4)
  2 tengu reavers
  2 storm dragons (Vaults:4)
  4 nagarajas
  3 frost giants
  9 deep elf sorcerers
  6 vault wardens
  Ilsuiw (Shoals:2)
  2 orc warlords
  5 ironheart preservers
  2 deep elf elementalists (Elf:3)
  A reaper (IceCv)
  6 stone giants
  5 very ugly things
  2 entropy weavers
  7 deep elf annihilators
  5 deep elf demonologists (Elf:3)
  3 minotaurs
  5 merfolk javelineers
  7 deep elf death magi
  A death ooze (Gauntlet)
  An ettin (Vaults:4)
  7 merfolk impalers
  5 deep elf high priests
  2 fire dragons
  5 yaktaur captains
  6 hydras
  9 naga warriors
  A rakshasa (Vaults:1)
  A great orb of eyes (Vaults:4)
  Harold (Lair:1)
  9 vault guards
  4 merfolk aquamancers (Shoals:4)
  A satyr (Shoals:4)
  2 merfolk avatars
  5 ogre magi
  10 two-headed ogres
  The ghost of Holzbalken the Zephyrmancer, a novice DrAE of Sif Muna (D:9)
  11 centaur warriors
  25 dancing weapons
  2 death knights (Vaults:3)
  A tengu warrior (D:14)
  An orc high priest (Orc:2)
  8 anacondas
  A deep troll shaman (Vaults:1)
  3 death yaks (Shoals:2)
  A shock serpent (shapeshifter) (D:14)
  A deep troll earth mage (Vaults:1)
  7 naga sharpshooters
  6 shock serpents
  A wretched star (Gauntlet)
  17 deep elf knights
  A hell knight (Volcano)
  A shadow wraith (Vaults:3)
  9 slime creatures
  2 skeletal warriors (Vaults:3)
  2 salamander mystics (Snake:3)
  6 deep trolls (Vaults:1)
  A glowing orange brain (Vaults:2)
  2 flayed ghosts (Vaults:3)
  3 unseen horrors
  8 ironbrand convokers
  15 deep elf archers
  15 sea snakes
  3 wizards
  2 naga ritualists
  37 harpies
  7 orc knights
  55 deep elf magi
  The ghost of PeterQ the Covert, a novice GnAs of Uskayaw (D:6)
  8 mana vipers
  9 fauns
  2 wolf spiders
  2 fauns (shapeshifter)
  An oklob plant (Lair:1)
  36 ugly things
  7 manticores
  3 orc sorcerers
  6 cyclopes
  6 salamanders
  A centaur zombie (D:14)
  An elephant (shapeshifter) (Vaults:1)
  4 elephants
  2 guardian serpents
  12 vault sentinels
  24 black mambas
  6 merfolk sirens
  4 water nymphs
  2 ice statues (IceCv)
  Joseph (D:7)
  A smoke demon (Volcano)
  A gargoyle (D:14)
  29 naga magi
  8 spiny frogs
  5 rime drakes (D:15)
  8 freezing wraiths
  2 rime drakes (shapeshifter)
  10 yaktaurs
  3 komodo dragons
  12 ice devils
  2 red devils (Volcano)
  19 merfolk
  3 polar bears (Lair:6)
  2 tengu conjurers
  7 hornets
  A polar bear (shapeshifter) (Vaults:1)
  7 trolls
  6 wind drakes
  A queen bee (shapeshifter) (D:14)
  2 blink frogs
  Grinder (D:3)
  12 dream sheep
  13 hippogriffs
  2 shadows
  7 snapping turtles
  7 spriggans (Lair:6)
  3 redbacks (Vaults:3)
  10 water elementals
  4 wyverns
  2 vampires
  24 yaks
  A wraith (D:10)
  A basilisk (Lair:5)
  6 fire bats (Volcano)
  A golden eye (shapeshifter) (Vaults:3)
  A hungry ghost (D:10)
  A hog (shapeshifter) (D:15)
  4 vampire mosquitoes
  A yaktaur simulacrum (Vaults:3)
  4 wargs
  2 swamp worms (Gauntlet)
  33 nagas
  7 water moccasins
  A soldier ant (D:8)
  An acid dragon (Vaults:1)
  4 porcupines
  5 hell hounds
  A floating eye (shapeshifter) (Vaults:3)
  An ice beast (D:8)
  11 orc warriors
  A phantom (D:8)
  2 sky beasts
  24 ogres
  2 black bears (Lair:6)
  11 boggarts
  8 wolves (Lair:6)
  6 centaurs
  5 crocodiles
  11 big kobolds
  9 bullfrogs
  5 earth elementals
  An ogre simulacrum (Vaults:1)
  2 gnoll sergeants (D:6)
  8 scorpions
  2 small abominations (Gauntlet)
  A water moccasin skeleton (D:5)
  14 wights
  4 electric eels
  5 howler monkeys
  7 lava snakes
  A crimson imp (D:6)
  3 bullfrog zombies
  5 jellies
  A quasit (D:14)
  10 hounds
  2 bullfrog skeletons
  A gnoll shaman (D:6)
  6 orc priests
  9 orc wizards
  2 iguanas
  10 worker ants
  A hound zombie (D:9)
  A hound skeleton (D:2)
  2 worker ant zombies
  A howler monkey zombie (D:7)
  12 gnolls
  17 adders
  A river rat (Sewer)
  A shadow imp (D:15)
  8 white imps (IceCv)
  2 ufetubi (IceCv)
  8 oozes
  2 adder skeletons
  10 worms
  3 dart slugs
  13 leopard geckos
  14 orcs
  8 giant cockroaches
  11 goblins
  5 hobgoblins
  11 jackals
  49 kobolds
  4 quokkas
  4 ball pythons
  11 bats
  A frilled lizard (D:2)
  10 rats
  A crawling corpse (Elf:3)
  7 fungi
  5 plants
  9 tentacles (Shoals:3)
1261 creatures vanquished.

Vanquished Creatures (collateral kills)
  A deep elf master archer (Vaults:1)
  Frances (Shoals:1)
  Polyphemus (Shoals:2)
  3 nagarajas
  The ghost of endorz the Severer, a journeyman MiBe of Trog (D:13)
  2 very ugly things (Vaults:4)
  3 ironheart preservers
  A stone giant (Vaults:4)
  An entropy weaver (Vaults:3)
  A deep elf annihilator (Elf:3)
  3 merfolk impalers
  4 merfolk javelineers
  3 yaktaur captains
  8 naga warriors
  A great orb of eyes (Vaults:1)
  3 hydras
  An ice dragon (Vaults:2)
  A vault guard (Vaults:3)
  2 catoblepae
  2 rakshasas
  A satyr (Shoals:3)
  3 death knights
  The ghost of Hawod the Fighter, a novice MiBe of Trog (Lair:1)
  2 centaur warriors
  A merfolk aquamancer (Shoals:1)
  2 two-headed ogres (Vaults:3)
  An ogre mage (Vaults:3)
  A tengu warrior (Shoals:1)
  7 death yaks
  An alligator snapping turtle (Shoals:1)
  Urug (Lair:6)
  A dancing weapon (Elf:2)
  The ghost of hcgyg4s the Thaumaturge, a novice GnWz of Ashenzari (D:8)
  2 shock serpents
  A hell knight (Vaults:3)
  2 deep elf knights (Elf:2)
  10 naga sharpshooters
  A sea snake (Shoals:2)
  A naga ritualist (Snake:4)
  5 harpies
  An ironbrand convoker (Vaults:3)
  4 deep elf archers
  3 orc knights
  7 mana vipers
  2 orc sorcerers
  10 deep elf magi
  2 oklob plants (Lair:1)
  5 salamanders
  A manticore (D:12)
  3 slime creatures
  A manticore (shapeshifter) (Elf:3)
  9 elephants
  15 black mambas
  11 naga magi
  A molten gargoyle (Volcano)
  A merfolk siren (Shoals:2)
  A guardian serpent (Snake:4)
  3 water nymphs
  A vault sentinel (Vaults:1)
  A centaur skeleton (D:12)
  10 spiny frogs
  A rime drake (D:15)
  2 komodo dragons
  4 yaktaurs
  3 freezing wraiths
  A harpy zombie (D:15)
  A tengu conjurer (Shoals:1)
  2 trolls (Orc:2)
  12 hippogriffs
  A polar bear (shapeshifter) (Vaults:4)
  2 wind drakes
  11 blink frogs
  2 hornets
  16 merfolk
  7 dream sheep
  4 snapping turtles (Shoals:1)
  2 wraiths
  A wyvern (D:15)
  5 spriggans (Lair:6)
  3 water elementals
  19 yaks
  2 basilisks
  A human simulacrum (Vaults:1)
  A hungry ghost (D:11)
  6 vampire mosquitoes
  8 wargs
  15 nagas
  A hell hound (D:15)
  3 water moccasins
  4 porcupines
  A sky beast (D:5)
  6 orc warriors
  2 black bears
  An ettin simulacrum (Vaults:3)
  2 boggarts (D:15)
  2 ogres
  9 wolves (Lair:6)
  6 centaurs
  6 crocodiles
  7 bullfrogs
  4 wights
  3 electric eels
  4 crimson imps
  A bullfrog zombie (D:11)
  A howler monkey (D:9)
  5 orc priests
  A centaur zombie (D:8)
  2 jellies
  A bullfrog skeleton (D:6)
  7 orc wizards
  A hound skeleton (D:9)
  2 gnolls (D:6)
  A howler monkey skeleton (D:6)
  An adder (D:6)
  A leopard gecko (D:5)
  14 orcs
  A goblin (Orc:1)
  2 jackals (D:8)
  A quokka (D:6)
  A frilled lizard (D:5)
  4 kobolds (D:10)
  A bush (Snake:3)
  3 butterflies (Lair:1)
  14 fungi
  36 plants
474 creatures vanquished.

Vanquished Creatures (others)
  An orc warlord (Vaults:4)
  A yaktaur captain (Vaults:3)
  A naga warrior (Snake:3)
  4 orc sorcerers
  4 orc high priests
  11 orc knights
  2 centaur warriors
  A merfolk aquamancer (Shoals:4)
  Nergalle (Snake:3)
  A sea snake (Shoals:4)
  A naga mage (Snake:3)
  21 orc warriors
  A wyvern (D:14)
  A warg (Vaults:4)
  7 centaurs
  22 orc priests
  13 orc wizards
  4 white imps (IceCv)
  4 ufetubi (IceCv)
  58 orcs
  A fungus (Lair:3)
  3 plants
  9 tentacles (Shoals:3)
172 creatures vanquished.

Grand Total: 1907 creatures vanquished

Notes
Turn   | Place    | Note
-------+----------+-------------------------------------------
     0 | D:1      | Napalmbreeze the Hill Orc Fighter began the quest for the
                  | Orb.
     0 | D:1      | Reached XP level 1. HP: 19/19 MP: 1/1
   288 | D:1      | Reached XP level 2. HP: 23/27 MP: 2/2
   352 | D:1      | Reached skill level 4 in Fighting
   477 | D:1      | Reached XP level 3. HP: 30/33 MP: 3/3
  1138 | D:2      | Reached XP level 4. HP: 41/41 MP: 4/4
  1662 | D:3      | Reached skill level 5 in Fighting
  1810 | D:3      | Became a worshipper of Beogh the Brigand
  1821 | D:3      | Found a glowing drain.
  1830 | Sewer    | Entered a sewer
  1854 | Sewer    | Reached XP level 5. HP: 48/48 MP: 5/5
  2366 | Sewer    | Noticed a big kobold
  2386 | Sewer    | Killed a big kobold
  2386 | Sewer    | Reached XP level 6. HP: 51/57 MP: 6/6
  2391 | Sewer    | Reached * piety under Beogh
  2487 | Sewer    | Reached skill level 6 in Fighting
  2541 | Sewer    | Reached skill level 1 in Invocations
  2747 | D:3      | Reached XP level 7. HP: 47/63 MP: 8/8
  2905 | D:3      | Noticed Grinder
  2910 | D:3      | Paralysed by Grinder for 3 turns
  2918 | D:3      | Paralysed by Grinder for 7 turns
  2927 | D:3      | Killed Grinder
  2927 | D:3      | Reached skill level 5 in Axes
  3099 | D:3      | Reached skill level 5 in Shields
  3242 | D:3      | Found a glowing silver altar of Zin.
  3438 | D:4      | Reached skill level 5 in Armour
  3550 | D:4      | Reached skill level 7 in Fighting
  3726 | D:4      | Reached XP level 8. HP: 60/73 MP: 10/10
  4001 | D:4      | Found a white marble altar of Elyvilon.
  4507 | D:4      | Reached ** piety under Beogh
  4507 | D:4      | Reached skill level 8 in Fighting
  4934 | D:5      | Entered Level 5 of the Dungeon
  4959 | D:5      | Reached XP level 9. HP: 40/82 MP: 12/12
  5061 | D:5      | Found an ornate altar of the Wu Jian Council.
  5073 | D:5      | Reached *** piety under Beogh
  5111 | D:5      | Found Berghony's Assorted Antiques.
  5119 | D:5      | Bought a blue potion for 18 gold pieces
  5119 | D:5      | Bought a bubbling ruby potion for 18 gold pieces
  5119 | D:5      | Bought a pair of gloves for 90 gold pieces
  5119 | D:5      | Bought a scroll labeled AZUSTAOLIF for 20 gold pieces
  5138 | D:5      | Reached skill level 5 in Invocations
  5147 | D:5      | Reached skill level 9 in Fighting
  5601 | D:5      | Found a shimmering blue altar of Sif Muna.
  5707 | D:5      | Reached skill level 10 in Fighting
  5714 | D:5      | Found a snail-covered altar of Cheibriados.
  5945 | D:6      | Found a staircase to the Ecumenical Temple.
  5955 | D:6      | Found a transporter.
  5960 | D:6      | Found a transporter.
  5976 | D:6      | Identified the +7 trident of Cobwebs {venom, rN++ Int+3
                  | Dex+6}
  5976 | D:6      | Identified the +5 shield "Iqaweo" {Int-3 Dex+7 SInv}
  5996 | D:6      | Reached XP level 10. HP: 57/93 MP: 14/14
  6172 | D:6      | Noticed PeterQ's ghost (novice GnAs)
  6189 | D:6      | Killed PeterQ's ghost
  6310 | D:6      | Reached **** piety under Beogh
  6402 | D:6      | Found an opulent altar of Gozag.
  6731 | D:7      | Noticed Joseph
  6747 | D:7      | Killed Joseph
  6752 | D:7      | Found a hazy altar of Hepliaklqana.
  6927 | D:7      | Found a shimmering blue altar of Sif Muna.
  7041 | D:7      | Reached skill level 11 in Fighting
  7988 | D:8      | Found a runed translucent gate.
  7988 | D:8      | Found a runed translucent gate.
  7988 | D:8      | Found a runed translucent gate.
  7991 | D:8      | Noticed hcgyg4s's ghost (novice GnWz)
  7995 | D:8      | Found a roughly hewn altar of Beogh.
  8013 | D:8      | Killed hcgyg4s's ghost
  8013 | D:8      | Reached XP level 11. HP: 96/104 MP: 15/17
  8029 | D:8      | Identified a +1 pair of boots of running (You found it on
                  | level 8 of the Dungeon)
  8292 | D:8      | Found a hide-covered altar of Uskayaw.
  8471 | D:9      | Reached skill level 12 in Fighting
  8610 | D:9      | Gained Bogfrid as an ally
  8615 | D:9      | Your ally Bogfrid died
  8618 | D:9      | Found a staircase to the Lair.
  8631 | D:9      | Found a sacrificial altar of Ru.
  8634 | D:9      | Identified the +6 quarterstaff of Ariu {freeze, Int+3}
  8637 | D:9      | Noticed Holzbalken's ghost (novice DrAE)
  8638 | D:9      | Found a runed translucent gate.
  8639 | D:9      | Found a runed translucent gate.
  8640 | D:9      | Found a runed translucent gate.
  8640 | D:9      | Found a roughly hewn altar of Beogh.
  8658 | D:9      | Reached ***** piety under Beogh
  8678 | D:9      | Killed Holzbalken's ghost
  8904 | D:9      | Found Wufiavyo's Gadget Boutique.
  9201 | D:9      | Found an opulent altar of Gozag.
  9548 | D:10     | Entered Level 10 of the Dungeon
  9647 | D:10     | Noticed a two-headed ogre
  9652 | D:10     | Killed a two-headed ogre
  9680 | D:10     | Reached skill level 10 in Axes
  9765 | D:10     | Gained Zorug as an ally
  9907 | D:10     | Reached skill level 13 in Fighting
  9964 | D:10     | Noticed a two-headed ogre
  9970 | D:10     | Killed a two-headed ogre
 10204 | D:11     | Noticed a two-headed ogre
 10212 | D:11     | Killed a two-headed ogre
 10212 | D:11     | Reached XP level 12. HP: 92/115 MP: 19/19
 10225 | D:11     | Found a glowing golden altar of the Shining One.
 10442 | D:11     | Noticed a two-headed ogre
 10466 | D:11     | Killed a two-headed ogre
 10524 | D:11     | Got a brightly glowing helmet
 10535 | D:11     | Identified the +0 helmet of the Shining One {+Fly rF+ rN+
                  | Dex+2} (You found it on level 11 of the Dungeon)
 10597 | D:11     | Found a portal to a secret trove of treasure.
 11010 | Lair:1   | Entered Level 1 of the Lair of Beasts
 11042 | Lair:1   | Noticed a six-headed hydra
 11047 | Lair:1   | Killed a six-headed hydra
 11047 | Lair:1   | Reached skill level 10 in Invocations
 11132 | Lair:1   | Noticed a seven-headed hydra
 11139 | Lair:1   | Killed a six-headed hydra
 11179 | Lair:1   | Reached skill level 1 in Evocations
 11181 | Lair:1   | Reached skill level 14 in Fighting
 11185 | Lair:1   | Gained Norbak as an ally
 11222 | Lair:1   | Reached skill level 10 in Armour
 11227 | Lair:1   | Noticed Harold
 11243 | Lair:1   | Killed Harold
 11425 | Lair:1   | Reached skill level 10 in Shields
 11449 | Lair:1   | Found a runed translucent door.
 11451 | Lair:1   | Noticed Hawod's ghost (novice MiBe)
 11465 | Lair:1   | Killed Hawod's ghost
 11696 | Lair:1   | Noticed Nergalle
 12026 | Lair:2   | Reached XP level 13. HP: 113/125 MP: 20/20
 12665 | Lair:2   | Found a staircase to the Shoals.
 12856 | Lair:3   | Reached skill level 15 in Fighting
 12923 | Lair:3   | Found a glowing silver altar of Zin.
 12971 | Lair:3   | Found a dark tunnel.
 13129 | Volcano  | Entered a volcano
 13206 | Volcano  | Gained Herok as an ally
 13206 | Volcano  | Gained Norbak as an ally
 13299 | Volcano  | Your ally Norbak died
 13320 | Volcano  | Found a burning altar of Makhleb.
 13330 | Volcano  | Reached ****** piety under Beogh
 13531 | Lair:3   | Found a staircase to the Snake Pit.
 14260 | Lair:4   | Gained Gorm as an ally
 14834 | Lair:5   | Reached skill level 5 in Evocations
 14959 | Lair:5   | Reached skill level 16 in Fighting
 15072 | Lair:5   | Reached XP level 14. HP: 137/137 MP: 21/21
 15096 | Lair:5   | Your ally Herok died
 15156 | Lair:5   | Found a staircase to the Slime Pits.
 15612 | Lair:6   | Entered Level 6 of the Lair of Beasts
 15650 | Lair:6   | Noticed Urug
 15659 | Lair:6   | Killed Urug
 16993 | D:12     | Gained Zartorak as an ally
 17129 | D:12     | Found a shimmering blue altar of Sif Muna.
 17195 | D:12     | Reached skill level 17 in Fighting
 17453 | D:12     | Found a staircase to the Orcish Mines.
 18233 | D:13     | Found a runed translucent gate.
 18233 | D:13     | Found a runed translucent gate.
 18235 | D:13     | Found a runed translucent gate.
 18236 | D:13     | Noticed endorz's ghost (journeyman MiBe)
 18265 | D:13     | Killed endorz's ghost
 19206 | D:14     | Reached XP level 15. HP: 147/147 MP: 22/22
 19487 | D:14     | Found a gate to the Vaults.
 19783 | D:14     | Found a gate leading to a gauntlet.
 19792 | Gauntlet | Entered a Gauntlet
 19792 | Gauntlet | Found a transporter.
 19792 | Gauntlet | Found a transporter.
 19792 | Gauntlet | Found a transporter.
 19812 | Gauntlet | Found a transporter.
 19822 | Gauntlet | Found a transporter.
 19826 | Gauntlet | Found a transporter.
 19836 | Gauntlet | Found a transporter.
 19857 | Gauntlet | Found a transporter.
 19874 | Gauntlet | Found a transporter.
 19878 | Gauntlet | Found a transporter.
 19890 | Gauntlet | Found a transporter.
 19892 | Gauntlet | Found a transporter.
 20058 | Gauntlet | Got an ancient hat
 20075 | Gauntlet | Identified the +2 hat of the Special Spirits {+Inv rPois
                  | MR- Dex+7} (You found it in a Gauntlet)
 20734 | D:15     | Entered Level 15 of the Dungeon
 20783 | D:15     | Reached skill level 18 in Fighting
 20888 | D:15     | Gained Ugbert as an ally
 20969 | D:15     | Found a blossoming altar of Fedhas.
 21014 | D:15     | Found a staircase to the Depths.
 21498 | Snake:1  | Entered Level 1 of the Snake Pit
 21918 | Snake:1  | Reached XP level 16. HP: 153/159 MP: 23/23
 21921 | Snake:1  | Gained Boruk as an ally
 22081 | Snake:1  | Gained Grimold as an ally
 22607 | Snake:2  | Reached skill level 15 in Axes
 22621 | Snake:2  | Noticed a nagaraja
 22629 | Snake:2  | Killed a nagaraja
 23172 | Snake:2  | Reached skill level 19 in Fighting
 23564 | Snake:3  | Your ally Boruk died
 23574 | Snake:3  | Your ally died
 23574 | Snake:3  | Your ally Zorug died
 23576 | Snake:3  | Noticed a nagaraja
 24168 | Snake:3  | Gained Ugbert as an ally
 24785 | Snake:3  | Killed a nagaraja
 24933 | Snake:3  | Found Ceisory's Jewellery Boutique.
 24934 | Snake:3  | Found Ekhly's Gadget Emporium.
 24934 | Snake:3  | Found Liwe's Gadget Emporium.
 25120 | Snake:4  | Entered Level 4 of the Snake Pit
 25169 | Snake:4  | Found a stormy altar of Qazlal.
 25329 | Snake:4  | Reached XP level 17. HP: 161/169 MP: 25/25
 25353 | Snake:4  | Found a runed translucent door.
 25741 | Snake:4  | Gained Norbak as an ally
 26076 | Snake:4  | Reached skill level 20 in Fighting
 26083 | Snake:4  | Your ally Grimold died
 26595 | Snake:4  | Got a serpentine rune of Zot
 26923 | Shoals:1 | Entered Level 1 of the Shoals
 26948 | Shoals:1 | Noticed Frances
 26957 | Shoals:1 | Killed Frances
 27181 | Shoals:1 | Found the +2 cloak of the Thief {+Fog Slay-2 SInv Stlth+}
 27822 | Shoals:2 | Noticed Polyphemus
 27833 | Shoals:2 | Killed Polyphemus
 27841 | Shoals:2 | Reached XP level 18. HP: 142/180 MP: 21/27
 28335 | Shoals:2 | Noticed Ilsuiw
 28379 | Shoals:2 | Killed Ilsuiw
 28744 | Shoals:3 | Reached skill level 21 in Fighting
 28995 | Shoals:3 | Identified Sif Muna's Compendium of Stolen Souls
 29163 | Shoals:3 | Found Vuqoatis's Antique Armour Emporium.
 29526 | Shoals:4 | Entered Level 4 of the Shoals
 29590 | Shoals:4 | Reached skill level 15 in Armour
 29768 | Shoals:4 | Reached skill level 15 in Shields
 29882 | Shoals:4 | Got a barnacled rune of Zot
 30296 | Shoals:4 | Gained Ognian as an ally
 30304 | Shoals:4 | Got a bone falchion
 30305 | Shoals:4 | Identified the +6 falchion "Humoil" {elec, MR+ Stlth+} (You
                  | found it on level 4 of the Shoals)
 30494 | Shoals:4 | Identified the +9 scale mail "Zyubewou" {+Inv rC+ MR++
                  | Dex-2}
 30712 | Shoals:4 | Got a shimmering shortbow
 30751 | Shoals:4 | Reached XP level 19. HP: 176/191 MP: 26/29
 31158 | Orc:1    | Entered Level 1 of the Orcish Mines
 31242 | Orc:1    | Found a frozen archway.
 31282 | IceCv    | Entered an ice cave
 31527 | IceCv    | Reached skill level 22 in Fighting
 31754 | Orc:1    | Gained Korbok as an ally
 31839 | Orc:1    | Found Duefel's Food Emporium.
 32098 | Orc:2    | Entered Level 2 of the Orcish Mines
 32098 | Orc:2    | Found Sommiph's Jewellery Boutique.
 32098 | Orc:2    | Found Sajauq's Food Emporium.
 32310 | Orc:2    | Found a roughly hewn altar of Beogh.
 32354 | Orc:2    | Found Lotywarr's General Store.
 32407 | Orc:2    | Found a staircase to the Elven Halls.
 32412 | Orc:2    | Found Yhacoll's Assorted Antiques.
 32415 | Orc:2    | Bought a scroll of identify for 62 gold pieces
 32415 | Orc:2    | Bought a scroll of identify for 62 gold pieces
 32420 | Orc:2    | Found Mounwy's Armour Shoppe.
 32453 | Orc:2    | Found Enyethy's Antique Weapon Emporium.
 32462 | Orc:2    | Bought a crystal war axe for 323 gold pieces
 32462 | Orc:2    | Identified the +11 war axe "Yrgheime" {antimagic, -Tele
                  | MR++} (You bought it in a shop on level 2 of the Orcish
                  | Mines)
 32579 | Orc:2    | Found Celasch's Armour Shoppe.
 32585 | Orc:2    | Found Tualunih's Jewellery Boutique.
 32602 | Orc:2    | Found Test's Distillery.
 32603 | Orc:2    | Found Mabriol's Armour Boutique.
 32625 | Orc:2    | Bought a potion of curing for 48 gold pieces
 32625 | Orc:2    | Bought 2 potions of curing for 96 gold pieces
 32625 | Orc:2    | Bought a potion of curing for 48 gold pieces
 32995 | Orc:2    | Bought a +4 ring of slaying for 1248 gold pieces
 32995 | Orc:2    | Bought a +5 amulet of reflection for 659 gold pieces
 33148 | Vaults:1 | Entered Level 1 of the Vaults
 33174 | Vaults:1 | Gained Wargath as an ally
 33199 | Vaults:1 | Your ally Wargath died
 33333 | Vaults:1 | Found Qoeg's Distillery.
 33601 | Vaults:1 | Found Kicsitu's Gadget Shoppe.
 33608 | Vaults:1 | Found Neywo's Weapon Boutique.
 33667 | Vaults:1 | Gained Nordag as an ally
 33718 | Vaults:1 | Found Evoferchy's Antique Armour Boutique.
 33834 | Vaults:1 | Found a runed translucent gate.
 33834 | Vaults:1 | Found a runed translucent gate.
 33834 | Vaults:1 | Found a runed translucent gate.
 33835 | Vaults:1 | Noticed Kegugo's ghost (adept GrEE)
 34544 | Vaults:1 | Found an iron altar of Okawaru.
 34553 | Vaults:1 | Reached skill level 15 in Invocations
 34564 | Vaults:1 | Your ally Nordag died
 34605 | Vaults:1 | Killed Kegugo's ghost
 34903 | Vaults:1 | Identified the Handbook of Clay and Translocation
 35947 | Vaults:2 | Reached XP level 20. HP: 198/202 MP: 10/31
 36158 | Vaults:2 | Gained Warrok as an ally
 36166 | Vaults:2 | Reached skill level 23 in Fighting
 36336 | Vaults:2 | Gained Wargath as an ally
 36759 | Vaults:3 | Got a scintillating bone ring
 36760 | Vaults:3 | Identified the ring of the Eleven Moons {Ice *Slow rPois
                  | Dex+3} (You found it on level 3 of the Vaults)
 37501 | Vaults:3 | Found a staircase to the Crypt.
 37601 | Vaults:3 | Identified a scroll of acquirement
 37888 | Vaults:3 | Identified Luweeruo's Almanac of Calling and Snow
 38719 | Vaults:4 | Reached skill level 24 in Fighting
 38974 | Vaults:4 | Reached XP level 21. HP: 127/214 MP: 4/33
 38985 | Vaults:4 | HP: 5/214 [titan/the air (38)]
 38987 | Vaults:4 | Your ally Norbak died
 38995 | Vaults:4 | Your ally Warrok died
 39001 | Vaults:4 | Your ally Wargath died
 39794 | Vaults:4 | Gained Warrok as an ally
 40425 | Elf:1    | Entered Level 1 of the Elven Halls
 40839 | Elf:1    | Found Mugrauti's Jewellery Shoppe.
 41575 | Elf:2    | Got an ichor-stained scimitar
 41577 | Elf:2    | Identified the +6 scimitar "Ysobar" {venom, rElec rC+
                  | Str+4} (You found it on level 2 of the Elven Halls)
 41654 | Elf:2    | Gained Orik as an ally
 41687 | Elf:2    | Found a runed translucent gate.
 41687 | Elf:2    | Found a runed translucent gate.
 41687 | Elf:2    | Found a runed translucent gate.
 41914 | Elf:2    | Your ally Orik died
 42527 | Elf:3    | Entered Level 3 of the Elven Halls
 42624 | Elf:3    | Gained Hilgar as an ally
 42662 | Elf:3    | Reached skill level 25 in Fighting
 42901 | Elf:3    | Reached XP level 22. HP: 162/226 MP: 7/34
 42978 | Elf:3    | HP: 9/226 [deep elf annihilator/bolt of lightning (19)]
 42987 | Elf:3    | Your ally Hilgar died
 43916 | Elf:3    | Identified the ring "Itwem" {rElec rN+ MR+ Dex-2}
 43917 | Elf:3    | Identified the ring "Ucugg" {rElec rPois rN+ Str+4}
 44073 | Elf:3    | Identified the cursed +0 plate armour of the Purple Skies
                  | {+Blink rF++ Str-2 Slay+4}
 44073 | Elf:3    | Identified the ring of Ilot {rPois MR+ Str+2 Int+3 Stlth+}
 44226 | Elf:3    | Identified the cursed -2 helmet "Izipp" {Stlth+} (You found
                  | it on level 3 of the Elven Halls)
 44794 | Vaults:5 | Entered Level 5 of the Vaults
 44818 | Vaults:5 | HP: 2/228 [cyan very ugly thing (26)]
 44819 | Vaults:5 | Slain by a tentacled monstrosity

Levels and vault maps discovered:
D:1:      dpeg_arrival_pits, layout_basic, minmay_split_cup_large
D:2:      layout_loops_ring, first_ration, minivault_25, minmay_pentomino_o2
D:3:      layout_basic, zin_statuary, portal_sewer_entry_f,
          minmay_fractal_squares_gapless_5, uniq_grinder
D:4:      minmay_goblin_kobold_castle, layout_loops_ring, elyvilon_altar_3,
          minmay_misc_feat_rows
D:5:      layout_rooms, nicolae_overflow_crystal_walls, old_standard_altar,
          serial_shops, kennysheep_little_box, tgw_sif
D:6:      layout_cave_pools, lemuel_doored_altar, minmay_temple_entry_mist,
          gammafunk_ghost_gnarly_gnolls, item_on_display_a
D:7:      layout_layer_cave, lemuel_crystal_altar, kennysheep_mini_moat,
          uniq_joseph
D:8:      layout_rooms, lemuel_round_altar, biasface_ghost_orc_armoury,
          serial_curves, eino_curves_01, eino_curves_04,
          hangedman_pestilent_swarm, zaba_anthole
D:9:      layout_layer_cave, nicolae_ru_great_annihilating_truth,
          erik_lair_orcish_takeover, serial_shops, shop,
          biasface_ghost_orc_armoury, minmay_misc_feat_chi, nicolae_wwwww,
          grunt_gozag_statues
D:10:     layout_basic
D:11:     layout_loops_cross, enter_trove_6, tso_altar
D:12:     layout_basic, basic_altar, minmay_misc_feat_iff
D:13:     layout_basic, maelrawn_ghost_gauntlet_escape
D:14:     layout_basic, grunt_vaults_entry_fortified, gauntlet_entry_generic
D:15:     grunt_enter_depths_snipers, layout_rooms, hangedman_decor_growths,
          special_room [special_room_mythical_zoo], fedhas_altar_fruit_tree
Lair:1:   layout_roguey, ebering_ghost_reflecting_pool,
          minmay_lair_oklob_chamber, lemuel_fruit_fields,
          infiniplex_staircase_pool, lemuel_fruit_fields, uniq_nergalle,
          uniq_harold
Lair:2:   layout_chaotic_city, minmay_shoals_entry_hut, serial_bayou_lake_a
Lair:3:   layout_loops_ring, dummy_snake_entry, basic_altar,
          lightli_volcano_entry_magma_tube, pond
Lair:4:   layout_roguey, grunt_megastairs_2
Lair:5:   layout_regular_city, minmay_slime_entry_pillars, grunt_megastairs_3,
          lemuel_fruit_tree
Lair:6:   minmay_lair_end_enchanted_forest, layout_cave_shapes,
          chequers_serial_rivers_small_a, uniq_urug
Shoals:1: cheibrodos_shoals_epimethial_gifts, layout_shoals, abandoned_shop,
          kb_tengu_band, uniq_frances
Shoals:2: layout_shoals, nicolae_shoals_wave_tunnel, uniq_polyphemus,
          uniq_ilsuiw
Shoals:3: layout_shoals, serial_shops, shop
Shoals:4: shoals_end_grunt_ice, layout_shoals
Snake:1:  layout_grid_shapes
Snake:2:  layout_honeycomb, nicolae_snake_linked_coils
Snake:3:  layout_gridlike, st_stairs_13, grunt_megastairs_4, minmay_shop_grove
Snake:4:  snake_pit, layout_cave_town, basic_altar, lightli_airlock
Orc:1:    layout_caves, serial_shops, shop, portal_ice_cave_demonic_guard,
          enter_bailey_4, nicolae_orc_damp_corner
Orc:2:    st_orc_elflike, layout_caves, serial_shops, shop, nicolae_shop_trees,
          nicolae_shop_stone, nicolae_shop_behind_doors, shop,
          minmay_shop_enchanted_jewellery, kennysheep_orc_chapel
Elf:1:    layout_gridlike, serial_shops, shop_coins, hangedman_elf_disciples,
          hangedman_elven_pyramids, abandoned_shop, columned_hall_lemuel
Elf:2:    layout_geoelf_octagon, nrook_loot_triangle
Elf:3:    minmay_elf_hall_furrowed, layout_gridlike
Vaults:1: gammafunk_vaults_ghost_fury_of_okawaru,
          nicolae_vaults_little_squares_5, nicolae_vaults_asterisk,
          nicolae_vaults_diagonal_hallway_6, nicolae_vaults_asterisk,
          vaults_room_fours, vaults_room_door_ring, layout_vaults_chaotic_city,
          serial_shops, nicolae_shop_trees, nicolae_shop_statue_plus,
          nicolae_shop_overgrown_old_shop, nicolae_shop_stone
Vaults:2: v_alt_pattern_2, dpeg_vaults_monster_box,
          hangedman_vaults_corner_blocks, vaults_room_corners,
          ontoclasm_vaults_chip, grunt_vaults_focal, v_misc_24,
          nicolae_vaults_sealed_display, layout_vaults_omnigrid
Vaults:3: v_misc_9, blue_anna_dwarven_crypt, vaults_dpeg_encased_lava,
          hangedman_vaults_locks, hangedman_vaults_impose,
          nicolae_vaults_mini_display_case, ontoclasm_vaults_ligature,
          vaults_room_boxed, hangedman_vaults_unwind, hangedman_vaults_trim,
          ontoclasm_vaults_misaligned, nicolae_vaults_rhombus_6,
          dpeg_vaults_waves, layout_vaults_omnibox
Vaults:4: hangedman_vaults_nails, v_misc_14, hangedman_vaults_stitches,
          nicolae_vaults_alarming, nicolae_vaults_shelves_hall,
          nicolae_vaults_network_quinsquares
          [nicolae_vaults_network_quincunx_subvault,
          nicolae_vaults_network_quincunx_subvault,
          nicolae_vaults_network_quincunx_subvault,
          nicolae_vaults_network_quincunx_subvault], v_alt_pattern_6,
          vaults_mumra_chevron_long, nicolae_vaults_an_arrangement,
          hangedman_vaults_hat, nicolae_vaults_little_squares_6,
          layout_vaults_maze_bifur
Vaults:5: serial_shops

Skill      XL: |  1  2  3  4  5  6  7  8  9 10 11 12 13 14 15 16 17 18 19 20 21 22 |
---------------+-------------------------------------------------------------------+-----
Fighting       | 4 5 6 7 8 10 11 13 14 16 17 18 19 20 21 22 24 25 | 25.8
Axes           | 3 4 5 6 7 9 10 11 12 13 14 15 16 17 18 19 20 | 20.6
Shields        | 4 5 6 7 8 9 10 11 12 13 14 15 | 15.0
Armour         | 4 5 6 7 8 9 10 11 12 13 14 15 16 17 18 | 18.1
Invocations    | 1 3 4 6 8 9 10 11 12 14 15 16 17 18 | 18.2
Evocations     | 3 5 7 8 |  8.0

Action                   |  1- 3 |  4- 6 |  7- 9 | 10-12 | 13-15 | 16-18 | 19-21 | 22-24 || total
-------------------------+-------+-------+-------+-------+-------+-------+-------+-------++-------
Melee: War axe           |   104 |   258 |   395 |   495 |   855 |  1258 |  1250 |   199 ||  4814
       Demon trident     |       |       |       |       |       |       |     2 |       ||     2
Invok: Convert to Beogh  |       |     1 |       |       |       |       |       |       ||     1
       Smiting           |       |       |       |    14 |    29 |     7 |     5 |    10 ||    65
       Recall Orcish Fol |       |       |       |     7 |     5 |    16 |     6 |       ||    34
       Give Item to Name |       |       |       |     2 |     2 |     3 |     3 |       ||    10
       Stop Recall       |       |       |       |       |       |       |     3 |       ||     3
 Abil: Evoke Flight      |       |       |       |     1 |     2 |       |       |       ||     3
Evoke: Wand              |       |       |     5 |     1 |       |       |       |       ||     6
  Use: Scroll            |       |       |    11 |     7 |     9 |     9 |    18 |     2 ||    56
       Potion            |       |       |       |     1 |       |     2 |     4 |     7 ||    14
 Stab: Distracted        |       |       |       |     4 |    16 |    26 |    19 |       ||    65
       Paralysed         |       |       |       |     1 |       |     2 |       |       ||     3
       Invisible         |       |       |       |     1 |       |       |       |       ||     1
       Petrified         |       |       |       |       |     1 |       |       |       ||     1
       Confused          |       |       |       |       |       |     1 |       |       ||     1
  Eat: Chunk             |     1 |     6 |     7 |    19 |    12 |    18 |    16 |     4 ||    83
       Ration            |       |       |     1 |     1 |     5 |     3 |     6 |     1 ||    17
Armor: Scale mail        |    88 |   116 |   154 |       |       |       |    34 |       ||   392
       Crystal plate arm |       |       |   121 |   197 |   385 |   633 |   343 |   131 ||  1810
Dodge: Dodged            |    73 |   123 |   180 |    19 |    73 |   212 |   119 |    20 ||   819
Block: Shield            |       |       |       |   410 |   693 |  1237 |  1048 |   201 ||  3589
       Reflection        |       |       |       |       |       |       |   108 |    25 ||   133

Table legend:
 A = Non-vault XP
 B = Vault XP
 C = Vault XP percentage of total XP
 D = Non-vault monster count
 E = Vault monster count
 F = Vault count percentage of total count
                 A         B        C        D         E       F
            +---------+---------+-------+---------+---------+-------
      Total |  378569 |  278818 |  42.4 |    1080 |     592 |  35.4
            +---------+---------+-------+---------+---------+-------
        D:1 |      29 |       9 |  23.7 |      18 |       4 |  18.2
        D:2 |      75 |       0 |   0.0 |      20 |       0 |   0.0
        D:3 |      80 |     280 |  77.8 |      23 |      10 |  30.3
        D:4 |    1226 |     785 |  39.0 |      25 |      45 |  64.3
        D:5 |    1224 |       0 |   0.0 |      23 |       0 |   0.0
        D:6 |     738 |     830 |  52.9 |      21 |      11 |  34.4
        D:7 |     716 |     375 |  34.4 |      10 |       1 |   9.1
        D:8 |     815 |    2072 |  71.8 |      18 |      15 |  45.5
        D:9 |    1834 |    2021 |  52.4 |      22 |      18 |  45.0
       D:10 |    3941 |       0 |   0.0 |      33 |       0 |   0.0
       D:11 |    4335 |       0 |   0.0 |      31 |       0 |   0.0
       D:12 |    3601 |       0 |   0.0 |      20 |       0 |   0.0
       D:13 |    3409 |    2645 |  43.7 |      11 |       6 |  35.3
       D:14 |   10432 |    6242 |  37.4 |      31 |      10 |  24.4
       D:15 |    7139 |    8932 |  55.6 |      28 |      29 |  50.9
     Lair:1 |    4698 |    3986 |  45.9 |      25 |       6 |  19.4
     Lair:2 |    4505 |     184 |   3.9 |      24 |       1 |   4.0
     Lair:3 |    2715 |     623 |  18.7 |      10 |       4 |  28.6
     Lair:4 |    4645 |     246 |   5.0 |      20 |       3 |  13.0
     Lair:5 |    8040 |     700 |   8.0 |      28 |       3 |   9.7
     Lair:6 |   11545 |    6830 |  37.2 |      46 |      42 |  47.7
   Shoals:1 |   10970 |    8434 |  43.5 |      29 |      13 |  31.0
   Shoals:2 |    9158 |    9036 |  49.7 |      27 |      20 |  42.6
   Shoals:3 |   25704 |       0 |   0.0 |      32 |       0 |   0.0
   Shoals:4 |   20148 |   17154 |  46.0 |      42 |      28 |  40.0
    Snake:1 |   10337 |       0 |   0.0 |      26 |       0 |   0.0
    Snake:2 |   13650 |       0 |   0.0 |      30 |       0 |   0.0
    Snake:3 |   26421 |    2323 |   8.1 |      56 |       6 |   9.7
    Snake:4 |   17569 |   26796 |  60.4 |      45 |      53 |  54.1
      Orc:1 |     895 |     663 |  42.6 |      13 |       4 |  23.5
      Orc:2 |    4708 |    2248 |  32.3 |      18 |       8 |  30.8
      Elf:1 |   22467 |    5537 |  19.8 |      33 |       9 |  21.4
      Elf:2 |    7868 |   18995 |  70.7 |      14 |      27 |  65.9
      Elf:3 |   25136 |   45010 |  64.2 |      40 |      31 |  43.7
   Vaults:1 |   32023 |   21274 |  39.9 |      55 |      18 |  24.7
   Vaults:2 |   17305 |    9015 |  34.3 |      35 |      12 |  25.5
   Vaults:3 |   31039 |   27581 |  47.1 |      59 |      38 |  39.2
   Vaults:4 |   26557 |   27759 |  51.1 |      38 |      34 |  47.2
   Vaults:5 |     872 |    5604 |  86.5 |       1 |       5 |  83.3
      Sewer |       0 |     433 | 100.0 |       0 |      28 | 100.0
      IceCv |       0 |    5882 | 100.0 |       0 |      23 | 100.0
    Volcano |       0 |    4579 | 100.0 |       0 |      20 | 100.0
   Gauntlet |       0 |    3735 | 100.0 |       0 |       7 | 100.0
            +---------+---------+-------+---------+---------+-------
